 Dungeon Crawl Stone Soup version 0.23-a0-404-g0063841da3 (webtiles) character file.

176 FollowTheCloud the Covered (level 5, 0/49 HPs)
             Began as a Deep Dwarf Fighter on Nov 5, 2018.
             Slain by a gnoll
             ... wielding a +0 flail
              (8 damage)
             ... on level 3 of the Dungeon.
             The game lasted 00:05:29 (2156 turns).

FollowTheCloud the Covered (Deep Dwarf Fighter)     Turns: 2156, Time: 00:05:29

Health: 0/49       AC:  9    Str: 20    XL:     5   Next: 30%
Magic:  5/5        EV:  5    Int:  9    God:
Gold:   160        SH:  9    Dex: 12    Spells: 4/4 levels left

rFire    + . .     SeeInvis .   a - +0 flail
rCold    + . .     Gourm    .   c - +0 shield
rNeg     . . .     Faith    .   o - +0 chain mail
rPois    .         Spirit   .   (no helmet)
rElec    .         Reflect  .   p - scarf {rC+ rF+}
rCorr    .         Harm     .   (no gloves)
MR       .....                  (no boots)
Stlth    ..........             (no amulet)
HPRegen  0.00/turn              (no ring)
MPRegen  0.09/turn              (no ring)

@: non-regenerating
A: damage resistance, heal wounds, sense surroundings 1, no regeneration
a: Heal Wounds


You were on level 3 of the Dungeon.
You were hungry.

You visited 1 branch of the dungeon, and saw 3 of its levels.

You collected 160 gold pieces.

Inventory:

Hand Weapons
 a - a +0 flail (weapon)
Armour
 c - a +0 shield (worn)
 o - a +0 chain mail (worn)
 p - a scarf of resistance (worn)
Jewellery
 n - an uncursed ring of protection from cold {unknown}
Scrolls
 b - a scroll of teleportation {unknown}
 e - 4 scrolls of remove curse {unknown}
 g - a scroll of noise {unknown}
 h - 3 scrolls of identify {unknown}
 l - a scroll of fog {unknown}
Potions
 d - a potion of might
 i - 2 potions of heal wounds {unknown}
 j - 4 potions of curing {unknown}
 k - a potion of flight {unknown}
 m - a potion of resistance {unknown}
Comestibles
 f - 7 rations


   Skills:
 + Level 3.6 Fighting
 + Level 3.2 Maces & Flails
 + Level 4.3 Armour
 + Level 4.3 Shields


You had 4 spell levels left.
You didn't know any spells.
Your spell library was empty.

Dungeon Overview and Level Annotations

Branches:
Dungeon (3/15)

Altars:
Okawaru

Annotations:
D:2 1 runed door


Innate Abilities, Weirdness & Mutations

You are resistant to damage.
You can heal yourself by infusing magical energy.
You passively map a small area around you.
You do not regenerate.


Message History

The gnoll hits you with a +0 flail.
* * * LOW HITPOINT WARNING * * *
You barely miss the gnoll.
The gnoll is lightly wounded.
The gnoll hits you but does no damage. You block the gnoll's attack.
Your shield prevents you from hitting the gnoll.
The gnoll is lightly wounded.
A worm comes into view.
You block the gnoll's attack.
You hit the gnoll but do no damage.
The gnoll is lightly wounded.
The gnoll hits you with a +0 flail!
* * * LOW HITPOINT WARNING * * *
You barely miss the gnoll.
The gnoll is lightly wounded.
The gnoll barely misses you.
You hit the gnoll.
The gnoll is moderately wounded.
The gnoll hits you with a +0 flail!
You die...

#.# #####* #.#
#... ,
#####.######.#
#............#
#.###........#
#.# ########.#
#.# #.# #.#
#.##### #@#
#...... #g#
######. #s# #.
#)# #. ** #.#
* #. >w. #.
#.# #. * #.#
#. , ..# #.


You could see a worm, a gnoll and a giant cockroach.

Vanquished Creatures
  An orc priest (D:3)
  Jessica (D:2)
  2 adders (D:2)
  4 oozes
  3 worms
  A dart slug (D:3)
  4 leopard geckos
  6 orcs
  A giant cockroach (D:1)
  4 goblins
  6 hobgoblins
  4 jackals (D:3)
  5 kobolds
  A quokka (D:2)
  A ball python (D:1)
  11 bats
  5 frilled lizards
  10 rats
70 creatures vanquished.

Notes
Turn   | Place    | Note
-------+----------+-------------------------------------------
     0 | D:1      | FollowTheCloud the Deep Dwarf Fighter began the quest for
                  | the Orb.
     0 | D:1      | Reached XP level 1. HP: 20/20 MP: 1/1
   213 | D:1      | Reached XP level 2. HP: 21/27 MP: 2/2
   539 | D:1      | Reached XP level 3. HP: 14/34 MP: 3/3
   993 | D:2      | Found a runed door.
  1211 | D:2      | Noticed Jessica
  1221 | D:2      | Killed Jessica
  1221 | D:2      | Reached XP level 4. HP: 22/42 MP: 4/4
  1466 | D:2      | Found an iron altar of Okawaru.
  1970 | D:3      | Reached XP level 5. HP: 22/49 MP: 5/5
  2156 | D:3      | Slain by a gnoll

Vault maps used:
D:1:      minmay_arrival_cross
D:2:      nicolae_overflow_hidden_temple, first_ration, uniq_jessica,
          uniq_crazy_yiuf_cottage
D:3:      nemelex_diamond_rough_becter

Skill      XL: |  1  2  3  4 |
---------------+-------------+-----
Fighting       | 3 |  3.6
Armour         | 4 |  4.3
Shields        | 4 |  4.3
Maces & Flails | 3 |  3.2

Action                   |  1- 3 |  4- 6 || total
-------------------------+-------+-------++-------
Melee: Flail             |   126 |   145 ||   271
 Abil: Heal Wounds       |     1 |     1 ||     2
  Eat: Chunk             |     1 |     3 ||     4
Armor: Scale mail        |    57 |    19 ||    76
       Chain mail        |       |    44 ||    44
Dodge: Dodged            |    37 |    35 ||    72
Block: Shield            |    59 |    72 ||   131

Table legend:
 A = Non-vault XP
 B = Vault XP
 C = Vault XP percentage of total XP
 D = Non-vault monster count
 E = Vault monster count
 F = Vault count percentage of total count
                 A         B        C        D         E       F
            +---------+---------+-------+---------+---------+-------
      Total |     215 |      37 |  14.7 |      69 |       1 |   1.4
            +---------+---------+-------+---------+---------+-------
        D:1 |      58 |       0 |   0.0 |      27 |       0 |   0.0
        D:2 |      61 |      37 |  37.8 |      18 |       1 |   5.3
        D:3 |      96 |       0 |   0.0 |      24 |       0 |   0.0
            +---------+---------+-------+---------+---------+-------
